 Dungeon Crawl Stone Soup version 0.20-a0-435-ga4f17a0 (webtiles) character file.

15249 Implojin the Fighter (level 11, -1/93 HPs)
             Began as a Mummy Chaos Knight on Jan 18, 2017.
             Slain by a death yak (14 damage)
             ... on level 10 of the Dungeon.
             The game lasted 01:08:55 (18811 turns).

Implojin the Fighter (Mummy Chaos Knight)          Turns: 18811, Time: 01:08:55

Health: -1/93      AC: 17    Str: 16    XL:     11   Next: 99%
Magic:  11/11      EV:  8    Int: 11    God:    Xom [*.....]
Gold:   740        SH: 10    Dex: 15    Spells: 0/10 levels left

rFire  . . .     SeeInvis .     a - +1 dagger (venom)
rCold  + + .     Gourm    .     N - +2 chain mail {rC+}
rNeg   + + +     Faith    .     U - +0 shield
rPois  ∞         Spirit   .     k - +2 helmet
rElec  .         Reflect  .     l - +1 cloak
rCorr  .         Harm     .     (no gloves)
MR     +....                    F - +1 pair of boots
Stlth  ..........               (no amulet)
                                G - ring of wizardry
                                H - ring of protection from fire

@: no status effects
A: no food or potions, fire vulnerability, cold resistance 1, negative energy
resistance 3, torment resistance, unbreathing
a: Renounce Religion


You were on level 10 of the Dungeon.
You worshipped Xom.
You were a special plaything of Xom.
You were not hungry.

You visited 1 branch of the dungeon, and saw 11 of its levels.

You collected 740 gold pieces.

Inventory:

Hand Weapons
 a - a +1 dagger of venom (weapon)
 r - a +0 hand axe
 t - a +0 hunting sling
 v - a cursed -2 dagger
 w - a +0 morningstar
 y - a +1 flail of crushing
 C - a +0 dagger of draining
 P - a +0 blowgun
 S - a +4 scimitar of flaming
Missiles
 e - 143 sling bullets
 j - 18 tomahawks (quivered)
 D - 18 bolts
 X - 2 javelins
Armour
 b - a +0 ring mail
 g - a +0 ring mail of cold resistance
 h - a +2 leather armour
 k - a +2 helmet (worn)
 l - a +1 cloak (worn)
 E - a +0 buckler
 F - a +1 pair of boots (worn)
 M - a +0 scale mail
 N - a +2 chain mail of cold resistance (worn)
 U - a +0 shield (worn)
 V - the +2 robe of Kleptomania {rElec rPois Slay+3, unknown}
   (You found it on level 9 of the Dungeon)

   It affects your accuracy and damage with ranged weapons and melee attacks
   (+3).
   It insulates you from electricity.
   It protects you from poison.
 Y - a +0 plate armour
Magical Staves
 I - an uncursed staff of death
 Z - an uncursed staff of air
Jewellery
 G - a ring of wizardry (right hand)
 H - a ring of protection from fire (left hand)
Wands
 m - a wand of polymorph (11/24)
 q - a wand of digging (12/24)
 u - a wand of lightning (0/15)
 A - a wand of lightning (0/15)
 O - a wand of acid (0/15)
 R - a wand of iceblast (0/15)
Scrolls
 c - 4 scrolls of immolation
 d - 2 scrolls of fog
 f - 3 scrolls of magic mapping
 i - a scroll of blinking
 n - 4 scrolls of teleportation
 o - 5 scrolls of remove curse
 s - a scroll of brand weapon
 B - a scroll of amnesia
 K - a scroll of silence
 W - a scroll of vulnerability
Books
 p - a book of Enchantments

   Spells                             Type                      Level
   a - Cause Fear                     Hexes                        4
   b - Yara's Violent Unravelling     Hexes/Transmutation          5
   c - Silence                        Hexes/Air                    5
   d - Deflect Missiles               Charms/Air                   6
   e - Discord                        Hexes                        8
 x - a book of Air

   Spells                             Type                      Level
   a - Shock                          Conjuration/Air              1
   b - Swiftness                      Charms/Air                   2
   c - Repel Missiles                 Charms/Air                   2
   d - Static Discharge               Conjuration/Air              3
   e - Lightning Bolt                 Conjuration/Air              5
Miscellaneous
 z - a fan of gales (inert)


   Skills:
 - Level 11.0 Fighting
 - Level 1.5 Armour
 - Level 7.2 Dodging
 - Level 6.1 Shields
 * Level 10.1 Unarmed Combat
 - Level 2.6 Summonings


You couldn't memorise any spells.
You knew the following spells:

 Your Spells              Type           Power        Failure   Level  Hunger
a - Summon Small Mammal   Summ           #...         99%         1    N/A
b - Call Imp              Summ           #.......     100%        2    N/A
c - Apportation           Tloc           #.........   100%        1    N/A
d - Animate Skeleton      Necr           N/A          100%        1    N/A
e - Confusing Touch       Hex            #.....       100%        1    N/A
f - Swiftness             Chrm/Air       #.......     100%        2    N/A
g - Repel Missiles        Chrm/Air       #.....       100%        2    N/A

Dungeon Overview and Level Annotations

Branches:
Dungeon (11/15)            Temple (0/1) D:5            Lair (0/6) D:11
    Orc: D:9-12

Altars:
Ashenzari
Dithmenos
Gozag
Hepliaklqana
Okawaru
Xom
Yredelemnul
Zin
The Shining One

Shops:
D:7 (

Annotations:
D:9 !troll wandering, 3x slime creatures, Grum
D:10 exclusion: downstairs


Innate Abilities, Weirdness & Mutations

You do not eat or drink.
Your flesh is vulnerable to fire.
You are immune to poison.
Your flesh is cold resistant. (rC+)
You are immune to negative energy. (rN+++)
You are immune to unholy pain and torment.
You can survive without breathing.


Message History

The death yak is no longer moving quickly.
You swing at nothing.
You swing at nothing.
Your chain mail prevents you from hitting the death yak.
The death yak is lightly wounded.
The death yak bellows!
The death yak gores you!!
The death yak gores you but does no damage.
You climb upwards.
Level annotation: exclusion: downstairs
There is a stone staircase leading down here.
You hit the death yak.
The death yak is poisoned.
The death yak is lightly wounded.
The death yak gores you.
You hit the death yak but do no damage.
The death yak looks as sick as possible!
The death yak is lightly wounded.
The death yak gores you!
* * * LOW HITPOINT WARNING * * *
Unknown command.
You hit the death yak but do no damage.
The death yak looks as sick as possible!
The death yak is moderately wounded.
The death yak gores you but does no damage.
Xom titters.
You are confused.
You bump into the rock wall.
The death yak gores you!
* * * LOW HITPOINT WARNING * * *
Unknown command.
You bump into the rock wall.
The death yak gores you!
* * * LOW HITPOINT WARNING * * *
Unknown command.
The death yak gores you!!
* * * LOW HITPOINT WARNING * * *
Unknown command.
You bump into the rock wall.
You feel less confused. The death yak gores you!
You die...
Xom roars with laughter!

#..##
#........>.#
...#
##.#..######
..##
#.>......###
#.#
#..#####...#
#.# #### ###.#
..# #...# ..#
#.### ###
######Y#
##....@.#
######..######
######......##
#...(..######
..###### ### #
#


You could see a death yak.

Vanquished Creatures
  Erolcha (D:10)
  A hydra (D:11)
  Harold (D:10)
  Erica (D:8)
  A death yak (D:10)
  2 two-headed ogres (D:8)
  An unseen horror (D:10)
  Nergalle (D:10)
  A tormentor (D:9)
  A hornet (D:11)
  2 slime creatures
  2 hippogriffs
  7 yaks
  A wyvern (D:9)
  4 hogs (D:7)
  Grum (D:9)
  A human (D:7)
  2 hungry ghosts (D:10)
  A water moccasin (D:9)
  A naga (D:9)
  2 orc warriors
  6 sky beasts
  4 black bears
  A necrophage (D:10)
  2 ice beasts
  2 phantoms
  6 ogres
  3 wolves
  7 centaurs
  3 bullfrogs
  A gnoll sergeant (D:10)
  A wyvern skeleton (D:7)
  5 scorpions
  13 killer bees
  5 howler monkeys
  A centaur zombie (D:6)
  6 crimson imps
  A quasit (D:7)
  A bullfrog skeleton (D:4)
  5 hounds
  3 orc priests
  3 jellies
  10 orc wizards
  3 centaur skeletons
  Ijyb (D:3)
  An iguana (D:4)
  Natasha (thrice) (D:4)
  5 worker ants
  A worker ant zombie (D:10)
  A howler monkey skeleton (D:9)
  16 adders
  8 gnolls
  A river rat (D:7)
  3 shadow imps
  2 oozes
  An adder skeleton (D:9)
  4 worms
  2 dart slugs
  5 leopard geckos
  32 orcs
  4 ball pythons
  4 bats
  8 giant cockroaches
  10 goblins
  6 hobgoblins
  6 jackals
  7 quokkas
  A ball python zombie (D:6)
  8 frilled lizards
  A jackal skeleton (D:7)
  4 kobolds
  A leopard gecko zombie (D:5)
  A quokka zombie (D:7)
  6 rats
280 creatures vanquished.

Vanquished Creatures (collateral kills)
  Maurice (D:7)
  An orc warrior (D:7)
  An ice beast (D:7)
  A centaur (D:7)
  A bullfrog (D:7)
  A scorpion (D:9)
  A jelly (D:7)
  An orc wizard (D:7)
  3 orcs
  A hobgoblin (D:1)
  2 bats (D:1)
  A rat (D:1)
15 creatures vanquished.

Vanquished Creatures (others)
  2 yaks (D:11)
  A howler monkey (D:10)
3 creatures vanquished.

Grand Total: 298 creatures vanquished

Notes
Turn   | Place    | Note
-------+----------+-------------------------------------------
     0 | D:1      | Implojin the Mummy Chaos Knight began the quest for the Orb.
     0 | D:1      | Reached XP level 1. HP: 18/18 MP: 1/1
   150 | D:1      | XOM: cast spell 'Call Canine Familiar'
   152 | D:1      | Reached XP level 2. HP: 22/24 MP: 2/2
   171 | D:1      | Reached skill level 3 in Unarmed Combat
   226 | D:1      | XOM: 4-stop teleportation journey
   586 | D:1      | Reached XP level 3. HP: 29/29 MP: 3/3
   687 | D:1      | You fall through a shaft!
   948 | D:2      | Reached skill level 4 in Unarmed Combat
   953 | D:2      | XOM: divination: detect items
   990 | D:2      | XOM: noise
   997 | D:2      | Found a shimmering altar of Xom.
  1303 | D:2      | Reached XP level 4. HP: 35/35 MP: 4/4
  1596 | D:2      | Found an opulent altar of Gozag.
  1950 | D:3      | Noticed Ijyb
  2222 | D:4      | Noticed Natasha
  2234 | D:4      | Killed Natasha
  2234 | D:4      | Reached XP level 5. HP: 30/41 MP: 5/5
  2466 | D:4      | Reached skill level 5 in Unarmed Combat
  2496 | D:4      | XOM: summons 1 hostile shadow creature
  2526 | D:4      | XOM is BORED!
  2526 | D:4      | XOM: 3-stop teleportation journey
  2566 | D:4      | Found a shattered altar of Ashenzari.
  2626 | D:4      | XOM: blink monster(s)
  2632 | D:4      | Noticed Natasha
  2728 | D:4      | Killed Natasha
  2728 | D:4      | Reached skill level 4 in Fighting
  2849 | D:4      | XOM: summons 1 hostile demon
  3026 | D:4      | Reached XP level 6. HP: 44/49 MP: 6/6
  3131 | D:4      | XOM: medium Ice miscast
  3281 | D:4      | Noticed Natasha
  3306 | D:4      | Killed Natasha
  3412 | D:4      | XOM: harmless Air miscast
  3466 | D:3      | XOM: mild Necr miscast
  3478 | D:3      | XOM: noise
  3512 | D:4      | Reached skill level 5 in Fighting
  3807 | D:4      | XOM: 1-stop teleportation journey
  3901 | D:4      | XOM is BORED!
  3901 | D:4      | XOM: mild Air miscast
  4047 | D:4      | Reached skill level 6 in Fighting
  4047 | D:4      | Reached XP level 7. HP: 48/58 MP: 7/7
  4093 | D:4      | XOM: mild Erth miscast
  4226 | D:5      | Entered Level 5 of the Dungeon
  4325 | D:5      | XOM: summons 3 hostile shadow creatures
  4507 | D:5      | XOM: noise
  4532 | D:5      | Reached skill level 7 in Fighting
  4660 | D:5      | Found Nyjabirph's Needful Niceties.
  4695 | D:5      | Found an iron altar of Okawaru.
  4703 | D:5      | Found a staircase to the Ecumenical Temple.
  4881 | D:5      | Found a hazy altar of Hepliaklqana.
  5155 | D:5      | Reached skill level 6 in Unarmed Combat
  5155 | D:5      | Reached XP level 8. HP: 56/67 MP: 8/8
  5179 | D:5      | Found an iron altar of Okawaru.
  5179 | D:5      | Found a basalt altar of Yredelemnul.
  5668 | D:5      | XOM: mild Fire miscast
  5675 | D:5      | XOM: divination: magic mapping
  5963 | D:6      | Found a shadowy altar of Dithmenos.
  6137 | D:6      | XOM: enchant monster (good)
  6141 | D:6      | Reached skill level 7 in Unarmed Combat
  6250 | D:6      | XOM: harmless Summ miscast
  6292 | D:6      | Reached skill level 1 in Dodging
  6654 | D:6      | XOM is BORED!
  6654 | D:6      | XOM: noise
  6711 | D:6      | Reached skill level 2 in Dodging
  6804 | D:6      | XOM: fog
  6816 | D:6      | Reached skill level 1 in Shields
  6977 | D:7      | XOM: 2-stop teleportation journey
  6997 | D:7      | Reached skill level 2 in Shields
  7004 | D:7      | XOM: polymorph jelly -> river rat
  7257 | D:7      | XOM: cast spell 'Leda's Liquefaction'
  7261 | D:7      | Reached skill level 3 in Shields
  7339 | D:7      | XOM: noise
  7402 | D:7      | Found Mozaes Lexef's Antique Weapon Boutique.
  7432 | D:7      | Reached skill level 4 in Shields
  7432 | D:7      | Reached XP level 9. HP: 38/72 MP: 9/9
  7613 | D:7      | XOM: summons friendly crimson imp
  7623 | D:7      | a bezotted centaur skeleton gained the power of zot.
  7627 | D:7      | a bezotted bullfrog gained the power of zot.
  7752 | D:7      | XOM: noise
  7756 | D:7      | XOM: potion effect (agility)
  7764 | D:7      | Reached skill level 5 in Shields
  7769 | D:7      | XOM: silly message
  7773 | D:7      | XOM: harmless Fire miscast
  7775 | D:7      | XOM: potion effect (haste)
  7797 | D:7      | Reached skill level 6 in Shields
  7799 | D:7      | :oops
  7801 | D:7      | XOM: cast spell 'Confusing Touch'
  7821 | D:7      | Reached skill level 3 in Dodging
  8109 | D:7      | XOM: summons friendly shadow imp
  8184 | D:7      | Reached skill level 4 in Dodging
  8451 | D:8      | XOM: polymorph jelly -> killer bee
  8478 | D:8      | XOM: scenery: create altars
  8621 | D:8      | XOM: 1-stop teleportation journey
  8650 | D:8      | XOM: 8-stop teleportation journey
  8687 | D:8      | Noticed Maurice
  8696 | D:7      | XOM: scenery: 1 doors close
  8730 | D:7      | Killed Maurice
  8730 | D:7      | Reached skill level 5 in Dodging
  8899 | D:8      | XOM: cleaving
  8910 | D:8      | XOM: enchant monster (good)
  8984 | D:8      | Noticed Erica
  9003 | D:8      | Noticed a two-headed ogre
  9013 | D:8      | XOM: fog
  9021 | D:8      | Killed a two-headed ogre
  9021 | D:8      | Reached skill level 8 in Fighting
  9021 | D:8      | Reached XP level 10. HP: 12/80 MP: 10/10
  9026 | D:8      | XOM: harmless Erth miscast
  9297 | D:6      | XOM: god gift: book of Callings
  9303 | D:6      | Learned a level 1 spell: Summon Small Mammal
  9315 | D:6      | XOM: god gift: scale mail {god gift}
  9387 | D:6      | XOM: cloud trail
  9599 | D:3      | XOM: smoke on damage
  9614 | D:3      | Killed Ijyb
 10165 | D:3      | XOM is BORED!
 10165 | D:3      | XOM: summons 5 hostile demons
 10174 | D:3      | XOM: cloud trail
 10511 | D:7      | a bezotted killer bee gained the power of zot.
 10514 | D:7      | XOM: enchant monster (bad)
 10724 | D:7      | XOM: summons 5 hostile demons
 10900 | D:8      | XOM: summons 3 hostile demons
 10972 | D:8      | Noticed a two-headed ogre
 10983 | D:8      | XOM: potion effect (brilliance)
 10988 | D:8      | Killed a two-headed ogre
 10988 | D:8      | Reached skill level 9 in Fighting
 11062 | D:8      | XOM: harmless Erth miscast
 11109 | D:8      | XOM: harmless Chrm miscast
 11345 | D:8      | XOM: summons 5 hostile demons
 11388 | D:8      | XOM: cloud trail
 11772 | D:8      | XOM: stat loss: -1 Dex (12/15)
 11786 | D:8      | XOM: summons 5 hostile demons
 11858 | D:8      | XOM: divination: detect items
 11998 | D:7      | XOM: harmless Ice miscast
 12066 | D:8      | XOM: summons 4 hostile demons
 12258 | D:8      | Killed Erica
 12258 | D:8      | Reached skill level 8 in Unarmed Combat
 12300 | D:8      | XOM: scenery: 2 doors close
 12361 | D:8      | XOM: cloud trail
 12530 | D:9      | XOM: 2-stop teleportation journey
 12644 | D:9      | Got a brightly glowing robe
 12828 | D:9      | XOM: summons friendly white imp
 12927 | D:9      | Found a glowing golden altar of the Shining One.
 13049 | D:9      | Reached skill level 9 in Unarmed Combat
 13409 | D:9      | XOM: cleaving
 13605 | D:9      | XOM: summons friendly crimson imp
 13606 | D:9      | XOM: 1-stop teleportation journey
 13676 | D:9      | Reached XP level 11. HP: 71/89 MP: 11/11
 13679 | D:9      | Reached skill level 6 in Dodging
 13704 | D:9      | XOM: cloud trail
 13859 | D:9      | XOM: mild Tmut miscast
 13884 | D:9      | Found a glowing silver altar of Zin.
 13895 | D:9      | XOM: cloud trail
 14078 | D:9      | XOM: chaos upgrade
 14122 | D:9      | XOM: severe Summ miscast
 14123 | D:9      | :okay xom
 14158 | D:9      | Noticed Grum
 14165 | D:9      | XOM: polymorph scorpion -> naga
 14171 | D:9      | the bezotted Grum gained the power of zot.
 14282 | D:10     | Entered Level 10 of the Dungeon
 14297 | D:10     | XOM: blink monster(s)
 14298 | D:10     | XOM: summons 2 hostile demons
 14523 | D:10     | Learned a level 2 spell: Call Imp
 14574 | D:10     | Noticed Nergalle
 14582 | D:10     | XOM: summons friendly iron imp
 14585 | D:10     | Noticed a spectral orc warlord
 14585 | D:10     | XOM: divination: detect items
 14594 | D:10     | Killed Nergalle
 14664 | D:10     | XOM: divination: magic mapping
 14682 | D:10     | Noticed Harold
 14683 | D:10     | XOM: cast spell 'Call Canine Familiar'
 14684 | D:10     | XOM: potion effect (brilliance)
 14964 | D:10     | Noticed Erolcha
 14968 | D:10     | XOM: cast spell 'Olgreb's Toxic Radiance'
 14972 | D:10     | Killed Erolcha
 14972 | D:10     | Reached skill level 7 in Dodging
 15021 | D:10     | XOM: harmless Erth miscast
 15385 | D:10     | XOM: swap monsters
 15398 | D:10     | Reached skill level 1 in Summonings
 15543 | D:9      | XOM: harmless Chrm miscast
 15648 | D:9      | XOM: summons friendly shadow imp
 15652 | D:9      | Reached skill level 2 in Summonings
 15693 | D:9      | a bezotted worker ant gained the power of zot.
 15707 | D:9      | XOM: blink monster(s)
 15956 | D:9      | Killed the bezotted Grum
 16296 | D:9      | XOM: mild Summ miscast
 16317 | D:9      | XOM: cloud trail
 16547 | D:10     | Learned a level 1 spell: Apportation
 16549 | D:10     | Learned a level 1 spell: Animate Skeleton
 16551 | D:10     | Learned a level 1 spell: Confusing Touch
 16577 | D:10     | Killed Harold
 16577 | D:10     | Reached skill level 10 in Fighting
 16981 | D:10     | XOM: enchant monster (bad)
 17010 | D:10     | XOM: destruction
 17037 | D:10     | something gained the power of zot.
 17040 | D:10     | Killed a bezotted unseen horror
 17084 | D:10     | XOM: cloud trail
 17188 | D:10     | XOM is BORED!
 17188 | D:10     | XOM: medium Air miscast
 17231 | D:11     | Reached skill level 11 in Fighting
 17285 | D:11     | XOM: harmless Tmut miscast
 17301 | D:11     | XOM: confuse monster(s)
 17313 | D:11     | XOM: medium Tloc miscast
 17318 | D:11     | a bezotted yak gained the power of zot.
 17339 | D:11     | XOM: 3-stop teleportation journey
 17375 | D:11     | XOM: harmless Pois miscast
 17419 | D:11     | Noticed a seven-headed hydra
 17606 | D:11     | Learned a level 2 spell: Swiftness
 17609 | D:11     | Learned a level 2 spell: Repel Missiles
 17632 | D:11     | XOM: 1-stop teleportation journey
 17747 | D:11     | XOM: scenery: create altars
 17749 | D:11     | Noticed a death yak
 17749 | D:11     | Noticed a death yak
 17749 | D:11     | Killed a one-headed hydra
 17750 | D:11     | Found a staircase to the Lair.
 17750 | D:11     | XOM: 4-stop teleportation journey
 17754 | D:11     | XOM: scenery: create altars
 17919 | D:11     | XOM: divine lightning
 18209 | D:11     | XOM: destruction
 18369 | D:11     | Noticed a death yak
 18373 | D:11     | XOM: summons friendly crimson imp
 18390 | D:10     | XOM: fog
 18392 | D:10     | XOM: harmless Tmut miscast
 18399 | D:10     | XOM: swap monsters
 18419 | D:10     | XOM: harmless Air miscast
 18427 | D:10     | Killed a death yak
 18427 | D:10     | Reached skill level 10 in Unarmed Combat
 18732 | D:11     | XOM: confusion
 18743 | D:11     | XOM: chaos cloud
 18772 | D:11     | XOM: summons friendly white imp
 18805 | D:10     | XOM: confusion
 18811 | D:10     | Slain by a death yak

Vault maps used:
D:1:      dpeg_arrival_orchard, st_stairs_5
D:2:      grunt_gozag_breadcrumbs, brannock_xom_greatest_gift
D:3:      serial_glass, glass_columns_a, glass_columns_a, uniq_iyjb
D:4:      first_bread, nrook_mini_backslash, cheibrodos_ashenzari_chains,
          uniq_natasha
D:5:      old_standard_altar, gammafunk_temple_overflow_elements, minivault_27,
          nicolae_alphabet_shops, grunt_ministairs_4, hex_intersection,
          okawaru_metal_pillars_1_2
D:6:      grunt_dithmenos_shadows
D:7:      serial_shops, shop_fountains, grunt_livestock, solitary_fountain
D:8:      uniq_erica, uniq_maurice
D:9:      zin_scriptorium, kennysheep_mini_moat, uniq_grum
D:10:     uniq_harold, uniq_nergalle, uniq_erolcha
D:11:     dpeg_lair_monsters

Skill      XL: |  1  2  3  4  5  6  7  8  9 10 11 |
---------------+----------------------------------+-----
Unarmed Combat | 3 4 5 6 7 9 10 | 10.1
Fighting       | 4 6 7 8 9 11 | 11.0
Dodging        | 2 5 7 |  7.2
Shields        | 4 6 |  6.1
Summonings     | 2 |  2.6
Armour         | |  1.5

Action                   |  1- 3 |  4- 6 |  7- 9 | 10-12 || total
-------------------------+-------+-------+-------+-------++-------
Melee: Unarmed           |    53 |    89 |   155 |   688 ||   985
       Dagger            |    75 |   150 |   327 |   209 ||   761
       Punch             |       |     5 |     6 |       ||    11
       Flail             |       |       |     6 |       ||     6
       Scimitar          |       |       |       |     6 ||     6
 Fire: Hunting sling     |       |       |     2 |     4 ||     6
       Blowgun           |       |       |       |    14 ||    14
Throw: Tomahawk          |     4 |     6 |    14 |     4 ||    28
       Javelin           |       |       |       |     2 ||     2
       Throwing net      |       |       |       |     1 ||     1
 Cast: Call Imp          |       |       |       |     6 ||     6
Evoke: Wand              |       |       |     5 |    24 ||    29
       Fan of gales      |       |       |       |     1 ||     1
  Use: Scroll            |     3 |     5 |    10 |     8 ||    26
 Stab: Confused          |       |       |     1 |     3 ||     4
       Distracted        |       |       |       |     1 ||     1
Armor: Leather armour    |    40 |    56 |   156 |   198 ||   450
       Chain mail        |       |       |       |   115 ||   115
Dodge: Dodged            |    81 |   110 |   245 |   522 ||   958
Block: Buckler           |       |       |    42 |   168 ||   210
       Shield            |       |       |       |    84 ||    84

Table legend:
 A = Turns spent in this place as a percentage of turns spent in the entire game.
 B = Non-inter-level travel turns spent in this place as a percentage of non-inter-level travel turns spent in the entire game.
 C = Inter-level travel turns spent in this place as a percentage of turns spent in this place.
 D = Turns resting spent in this place as a percentage of non-inter-level travel turns spent in this place.
 E = Turns spent auto-exploring this place as a percentage of non-inter-level travel turns spent in this place.
 F = Non-inter-level travel turns spent in this place divided by the number of levels of this place that you've seen.
                   A       B       C       D       E      F
               +-------+-------+-------+-------+-------+----------------------
         Total | 100.0 | 100.0 |   0.4 |   4.3 |   4.8 | 563.5
       Dungeon | 100.0 | 100.0 |   0.4 |   4.3 |   4.8 | 563.5
               +-------+-------+-------+-------+-------+----------------------

Table legend:
 A = Kills in this place as a percentage of kills in entire the game.
 B = Kills by you in this place as a percentage of kills by you in the entire game.
 C = Kills by friends in this place as a percentage of kills by friends in the entire game.
 D = Other kills in this place as a percentage of other kills in the entire game.
 E = Experience gained in this place as a percentage of experience gained in the entire game.
 F = Experience gained in this place divided by the number of levels of this place that you have seen.
                   A       B       C       D       E      F
               +-------+-------+-------+-------+-------+----------------------
         Total | 100.0 | 100.0 | 100.0 | 100.0 | 100.0 | 1980.5
       Dungeon | 100.0 | 100.0 | 100.0 | 100.0 | 100.0 | 1980.5
               +-------+-------+-------+-------+-------+----------------------
